 Dungeon Crawl Stone Soup version 0.20-a0-16-g0876c8e (webtiles) character file.

3731 JeffiDaFish the Basher (level 10, -1/61 HPs)
             Began as a Gargoyle Fighter on Nov 3, 2016.
             Was a Follower of Makhleb.
             Slain by Kingduke777's ghost (3 damage)
             ... on level 1 of the Lair of Beasts.
             The game lasted 00:24:16 (7985 turns).

JeffiDaFish the Basher (Gargoyle Fighter)           Turns: 7985, Time: 00:24:17

Health: -1/61      AC: 16    Str: 32    XL:     10   Next: 14%
Magic:  10/10      EV: 10    Int: 10    God:    Makhleb [*.....]
Gold:   596        SH: 14    Dex: 10    Spells: 0 memorised, 9 levels left

rFire  + . .     SeeInvis .     a - +1 flail
rCold  + . .     Gourm    .     b - +0 scale mail
rNeg   + . .     Faith    .     c - +2 shield
rPois  ∞         Spirit   .     i - +2 hat
rElec  +         Reflect  .     (no cloak)
rCorr  +         Harm     .     (no gloves)
MR     .....                    (no boots)
Stlth  ..........               (no amulet)
                                (no ring)
                                u - +6 ring of strength

@: mighty, resistant
A: negative energy resistance 1, electricity resistance, unbreathing,
petrification resistance, rot immunity, AC +7
a: Renounce Religion


You were on level 1 of the Lair of Beasts.
You worshipped Makhleb.
Makhleb was aware of your devotion.
You were not hungry.

You visited 3 branches of the dungeon, and saw 10 of its levels.

You collected 596 gold pieces.

Inventory:

Hand Weapons
 a - a +1 flail (weapon)
Armour
 b - a +0 scale mail (worn)
 c - a +2 shield (worn)
 i - a +2 hat (worn)
Jewellery
 u - a +6 ring of strength (left hand)
 w - a cursed +6 ring of dexterity
Wands
 y - a wand of slowing (18/48)
Scrolls
 e - 6 scrolls of identify
 g - 7 scrolls of remove curse
 n - 3 scrolls of recharging
 o - 3 scrolls of teleportation
 s - a scroll of summoning
 x - a scroll of fear
Potions
 h - 3 potions of ambrosia
 q - 3 potions of brilliance
 r - a potion of curing
 v - a potion of haste
Comestibles
 f - 5 bread rations
 j - 3 fruits
 k - 3 meat rations
 l - 2 beef jerkies
 m - 3 slices of pizza
 t - a royal jelly
 z - a chunk of flesh


   Skills:
 + Level 6.5 Fighting
 + Level 9.2 Maces & Flails
 + Level 6.1 Armour
 + Level 3.3 Dodging
 + Level 1.9 Stealth
 + Level 8.6 Shields


You had 9 spell levels left.
You didn't know any spells.

Dungeon Overview and Level Annotations

Branches:
Dungeon (8/15)             Temple (1/1) D:7            Lair (1/6) D:8

Altars:
Cheibriados
Dithmenos
Elyvilon
Fedhas
Hepliaklqana
Kikubaaqudgha
Makhleb
Nemelex Xobeh
Okawaru
Qazlal
Ru
Trog
Xom
Yredelemnul
Zin

Annotations:
Lair:1 Kingduke777's ghost, journeyman HuGl


Innate Abilities, Weirdness & Mutations

You are resistant to torment.
Your stone body is resilient. (AC +7)
You are immune to poison.
You resist negative energy. (rN+)
You are resistant to electric shocks. (rElec)
You can survive without breathing.
You are immune to petrification.
You are immune to rotting.


Message History

You closely miss Kingduke777's ghost.
Kingduke777's ghost is moderately damaged.
You block the spiny frog's attack. You block Kingduke777's ghost's attack.
You barely miss Kingduke777's ghost.
Kingduke777's ghost is moderately damaged.
The spiny frog closely misses you. Kingduke777's ghost hits you!
You barely miss the spiny frog. The spiny frog misses you.
Kingduke777's ghost closely misses you.
You bludgeon Kingduke777's ghost!!
Kingduke777's ghost is heavily damaged.
The spiny frog stings you.
* * * LOW HITPOINT WARNING * * *
Kingduke777's ghost closely misses you. The spiny frog stings you!
* * * LOW HITPOINT WARNING * * *
You sock Kingduke777's ghost!
Kingduke777's ghost is severely damaged.
You block Kingduke777's ghost's attack. You block the spiny frog's attack.
You feel protected. You block the spiny frog's attack.
Kingduke777's ghost hits you.
You die...

.......
.......
#......
#..... #...#
#...#
####W..#
#..@F..##
#.......##
##........##
#..#.###...#
#..#####...##
....# ##.>#
##..# #..#
### ##..#
#P..#


You could see a spiny frog and Kingduke777's ghost.

Vanquished Creatures
  Pikel (D:4)
  Grinder (D:6)
  A hippogriff (D:7)
  Sigmund (D:6)
  A wyvern (D:8)
  A hungry ghost (D:8)
  An orc warrior (D:7)
  4 slaves (D:4)
  An eye of draining (D:4)
  A black bear (D:8)
  2 ice beasts
  2 ogres
  3 centaurs
  2 bullfrogs (D:8)
  A scorpion (D:4)
  5 killer bees (D:8)
  2 howler monkeys
  3 crimson imps
  2 hounds
  4 orc priests
  A jelly (D:7)
  Natasha (thrice) (D:2)
  2 iguanas
  12 worker ants
  5 orc wizards
  A killer bee zombie (D:7)
  2 hound skeletons
  11 gnolls
  4 adders
  2 shadow imps
  An adder zombie (D:5)
  4 worms
  A dart slug (D:1)
  6 leopard geckos
  26 orcs
  5 bats
  3 giant cockroaches
  3 goblins
  7 hobgoblins
  13 jackals
  10 kobolds
  A quokka (D:3)
  A ball python (D:1)
  11 frilled lizards
  A jackal skeleton (D:6)
  2 leopard gecko skeletons
  2 quokka skeletons
  7 rats
  3 fungi (D:8)
  A plant (D:8)
190 creatures vanquished.

Notes
Turn   | Place    | Note
-------+----------+-------------------------------------------
     0 | D:1      | JeffiDaFish the Gargoyle Fighter began the quest for the Orb.
     0 | D:1      | Reached XP level 1. HP: 14/14 MP: 1/1
   349 | D:1      | Reached XP level 2. HP: 19/19 MP: 2/2
   913 | D:1      | Reached XP level 3. HP: 23/23 MP: 3/3
  1633 | D:2      | Noticed Natasha
  1638 | D:2      | Killed Natasha
  1638 | D:2      | Reached XP level 4. HP: 29/29 MP: 4/4
  1671 | D:2      | Noticed Natasha
  1676 | D:2      | Killed Natasha
  1676 | D:2      | Reached skill level 3 in Maces & Flails
  1988 | D:2      | Reached XP level 5. HP: 33/33 MP: 5/5
  2113 | D:2      | Noticed Natasha
  2127 | D:2      | Killed Natasha
  2441 | D:3      | Found a faded altar of an unknown god.
  2648 | D:3      | Reached skill level 1 in Dodging
  3183 | D:4      | Reached XP level 6. HP: 34/38 MP: 6/6
  3187 | D:4      | Reached skill level 4 in Maces & Flails
  3216 | D:4      | Reached XP level 7. HP: 8/44 MP: 7/7
  3219 | D:4      | Reached skill level 5 in Shields
  3226 | D:4      | Reached skill level 1 in Stealth
  3250 | D:4      | HP: 2/44 [adder (3)]
  3258 | D:4      | HP: 1/44 [adder (2)]
  3270 | D:3      | HP: 2/44 [adder (1)]
  3918 | D:4      | Reached skill level 5 in Maces & Flails
  4001 | D:4      | Found a bloodstained altar of Trog.
  4077 | D:4      | Found a snail-covered altar of Cheibriados.
  4079 | D:4      | Found a white marble altar of Elyvilon.
  4380 | D:4      | Noticed Pikel
  4406 | D:4      | Killed Pikel
  4406 | D:4      | Reached skill level 5 in Fighting
  4406 | D:4      | Reached skill level 6 in Maces & Flails
  4406 | D:4      | Reached XP level 8. HP: 45/49 MP: 8/8
  4429 | D:5      | Entered Level 5 of the Dungeon
  4956 | D:5      | Found a faded altar of an unknown god.
  4956 | D:5      | Found a faded altar of an unknown god.
  4961 | D:5      | Found a stormy altar of Qazlal.
  4963 | D:5      | Found a bloodstained altar of Trog.
  4965 | D:5      | Found a faded altar of an unknown god.
  5187 | D:6      | Noticed Grinder
  5193 | D:6      | Killed Grinder
  5193 | D:6      | Reached skill level 7 in Maces & Flails
  5193 | D:6      | Reached skill level 5 in Armour
  5198 | D:6      | Reached XP level 9. HP: 47/55 MP: 9/9
  5469 | D:6      | Noticed Sigmund
  5475 | D:6      | Killed Sigmund
  5993 | D:7      | Reached skill level 8 in Maces & Flails
  6087 | D:7      | Found a sacrificial altar of Ru.
  6176 | D:7      | Found a staircase to the Ecumenical Temple.
  6186 | Temple   | Entered the Ecumenical Temple
  6228 | Temple   | Became a worshipper of Makhleb the Destroyer
  6923 | D:7      | Found a glowing silver altar of Zin.
  7093 | D:8      | Found a staircase to the Lair.
  7396 | D:8      | Reached skill level 9 in Maces & Flails
  7521 | D:8      | Reached XP level 10. HP: 25/61 MP: 10/10
  7796 | D:8      | Reached * piety under Makhleb
  7927 | Lair:1   | Entered Level 1 of the Lair of Beasts
  7927 | Lair:1   | Found a bloodstained altar of Trog.
  7973 | Lair:1   | Noticed Kingduke777's ghost (journeyman HuGl)
  7974 | Lair:1   | Noticed a spiny frog
  7983 | Lair:1   | HP: 1/61 [spiny frog (15)]
  7985 | Lair:1   | Slain by Kingduke777's ghost

Vault maps used:
D:1:      dpeg_arrival_stone_temple_mockup, serial_park_tiny_1
D:2:      first_bread, uniq_natasha
D:3:      ecumenical_altar_2
D:4:      minitemple, trog_eyes_of_draining, uniq_pikel
D:5:      kennysheep_six_static_rooms, chequers_temple_overflow_minitemple
D:6:      uniq_sigmund, uniq_grinder
D:7:      lemuel_crystal_altar, nicolae_ru_sacrificial_ziggurat
D:8:      dpeg_oklobed_lair
Temple:   zaba_magenta_temple
Lair:1:   basic_altar, roderic_batcave, guppyfry_lair_drakes

Skill      XL: |  1  2  3  4  5  6  7  8  9 10 |
---------------+-------------------------------+-----
Maces & Flails | 3 4 6 7 9 |  9.2
Armour         | 4 5 6 |  6.1
Shields        | 4 6 8 |  8.6
Fighting       | 4 5 6 |  6.5
Dodging        | 1 2 3 |  3.3
Stealth        | 1 |  1.9

Action                   |  1- 3 |  4- 6 |  7- 9 | 10-12 || total
-------------------------+-------+-------+-------+-------++-------
Melee: Flail             |   124 |   173 |   576 |    62 ||   935
  Use: Scroll            |     5 |     1 |    10 |       ||    16
       Potion            |     2 |     2 |     7 |     2 ||    13
  Eat: Chunk             |     3 |     4 |    14 |       ||    21
       Fruit             |       |       |     2 |       ||     2
       Meat ration       |       |       |     1 |       ||     1
       Bread ration      |       |       |       |     1 ||     1
Armor: Scale mail        |    57 |    81 |   226 |    24 ||   388
Dodge: Dodged            |    22 |    51 |   158 |    25 ||   256
Block: Shield            |    60 |   142 |   392 |    68 ||   662
